 Dungeon Crawl Stone Soup version 0.30-a0-916-g9813417 (webtiles) character file.

Game seed: 643077078380950304

781 Nithhogg the Chopper (level 7, -1/54 (62) HPs)
             Began as a Hill Orc Fighter on Mar 19, 2023.
             Was an Initiate of the Shining One.
             Slain by a wight
             ... wielding a +0 dire flail
              (2 damage)
             ... on level 5 of the Dungeon.
             The game lasted 00:09:49 (3920 turns).

Nithhogg the Chopper (Hill Orc Fighter)             Turns: 3920, Time: 00:09:49

HP:   -1/54 (62)    AC:  7    Str: 27    XL:     7   Next: 85%
MP:   10/10         EV: 10    Int:  8    God:    the Shining One [......]
Gold: 280           SH:  0    Dex: 10    Spells: 6/6 levels left

rFire   . . .      SeeInvis .    z - +2 morningstar (protect)
rCold   . . .      Faith    .    (no shield)
rNeg    . . .      Spirit   .    b - +0 scale mail
rPois   .          Reflect  .    (no helmet)
rElec   .          Rampage  .    (no cloak)
rCorr   +                        (no gloves)
Will    .....                    (no boots) Stlth
                                 (no amulet)
HPRegen 0.29/turn                i - ring of resist corrosion
MPRegen 0.12/turn                x - +6 ring of strength

@: mighty, glowing, heavily drained
A: no striking features
a: Renounce Religion


You were on level 5 of the Dungeon.
You worshipped the Shining One.
The Shining One was noncommittal.
You visited 1 branch of the dungeon, and saw 5 of its levels.

You collected 280 gold pieces.

Inventory:

Hand Weapons
 a - a +0 war axe
 z - a +2 morningstar of protection (weapon)
Missiles
 l - a throwing net (quivered)
Armour
 b - a +0 scale mail (worn)
 c - a +0 buckler
 f - an orb of guile
 k - a scarf of invisibility
Jewellery
 e - a ring of magical power
 i - a ring of resist corrosion (left hand)
 x - a +6 ring of strength (right hand)
 C - a ring of ice
Wands
 j - a wand of light (8)
 r - a wand of mindburst (9)
 D - a wand of charming (9)
Scrolls
 h - 4 scrolls of identify {unknown}
 m - 2 scrolls of poison {unknown}
 n - a scroll of blinking {unknown}
 q - a scroll of enchant armour {unknown}
 u - a scroll of enchant weapon {unknown}
 w - a scroll of immolation {unknown}
 y - 2 scrolls of amnesia {unknown}
 A - a scroll of butterflies {unknown}
Potions
 d - 3 potions of might
 g - 2 potions of brilliance {unknown}
 o - a potion of berserk rage {unknown}
 p - 2 potions of heal wounds {unknown}
 s - a potion of ambrosia {unknown}
 t - a potion of degeneration {unknown}
 v - 3 potions of mutation {unknown}
 B - a potion of attraction {unknown}


   Skills:
 + Level 5.7 Fighting
 * Level 7.5 Axes
 + Level 5.2 Armour
 - Level 3.2 Shields
 + Level 4.7 Invocations


You had 6 spell levels left.
You didn't know any spells.
Your spell library was empty.

Dungeon Overview and Level Annotations

Branches:
Dungeon (5/15)
 Temple: D:4-7

Altars:
Ashenzari
Ru
Xom
Zin
The Shining One

Shops:
D:1 (   D:2 (


Message History

The wight completely misses you.
You sock the wight!
The wight is heavily damaged.
You hit the wight.
The wight is moderately damaged.
The wight hits you with a +2 great sword of freezing!
You feel drained. The wight freezes you.
You puncture the wight!
The wight is severely damaged.
The wight barely misses you. The wight closely misses you.
The wight hits you with a +0 war axe.
You feel drained.
The wight hits you with a +0 dire flail!
The wight hits you but does no damage. The wight barely misses you.
You hit the wight.
The wight is almost destroyed.
The wight hits you but does no damage. The wight barely misses you. x2
You puncture the wight!
The wight is severely damaged.
The wight hits you with a +2 great sword of freezing.
You feel drained. The wight freezes you. The wight barely misses you.
The wight hits you with a +0 war axe. The wight attacks as you move away!
The wight hits you with a +0 dire flail.
* * * LOW HITPOINT WARNING * * *
There is an open door here.
You feel very mighty all of a sudden.
The wight hits you with a +0 dire flail!
* * * LOW HITPOINT WARNING * * *
You feel drained.
* * * LOW HITPOINT WARNING * * *
You barely miss the wight.
The wight is almost destroyed.
The wight hits you but does no damage. The wight closely misses you.
The wight attacks as you move away! The wight hits you but does no damage.
The wight attacks as you move away! The wight barely misses you.
The wight attacks as you move away!
The wight hits you with a +0 dire flail!
* * * LOW HITPOINT WARNING * * *
You feel drained.
You die...

........z........
######z##############
#.### #.....#
#.z.######.....#
###.......))...####
#..z#..#####'#....####
#...#..#####.#....##..
+...z........'....++>.
#...#@...#####....##..
###...##.#.### #....##.#
#......#.#...###....##.#
#(.....#.###...#....##.#
#......#............##..
#......######.##.#####..
#......# #.##........
#......# #.########..
#......######.# #..


You could see 2 wights.

Vanquished Creatures
  An ogre (D:4)
  A centaur (D:4)
  A scorpion (D:5)
  A wight (D:5)
  A howler monkey (D:5)
  2 orc priests
  A hound (D:5)
  2 sleepcaps (D:4)
  Jessica (D:2)
  3 iguanas
  2 orc wizards
  Robin (D:2)
  A gnoll (D:5)
  4 adders
  4 dart slugs
  12 orcs
  4 ball pythons
  10 endoplasms
  A giant cockroach (D:5)
  14 goblins
  8 hobgoblins
  2 jackals (D:3)
  2 quokkas (D:1)
  5 bats
  2 frilled lizards
  10 kobolds
  9 rats
105 creatures vanquished.

Vanquished Creatures (others)
  A plant (D:4)
1 creature vanquished.

Grand Total: 106 creatures vanquished

Notes
Turn   | Place    | Note
-------+----------+-------------------------------------------
     0 | D:1      | Nithhogg the Hill Orc Fighter began the quest for the Orb.
     0 | D:1      | Reached XP level 1. HP: 19/19 MP: 1/1
    51 | D:1      | Reached skill level 3 in Axes
   103 | D:1      | Reached XP level 2. HP: 27/27 MP: 2/2
   196 | D:1      | Reached skill level 1 in Invocations
   448 | D:1      | Reached XP level 3. HP: 33/33 MP: 3/3
   458 | D:1      | Found Xogres's Antique Weapon Emporium.
   636 | D:1      | Upgraded the game from 0.30-a0-913-g9934a0c to
                  | 0.30-a0-916-g9813417
   968 | D:2      | Found Ixtem's Weapon Shop.
   977 | D:2      | Reached skill level 4 in Axes
  1080 | D:2      | Noticed Robin
  1087 | D:2      | Killed Robin
  1088 | D:2      | Reached XP level 4. HP: 38/40 MP: 5/5
  1288 | D:2      | Noticed Jessica
  1292 | D:2      | Killed Jessica
  1653 | D:3      | Reached XP level 5. HP: 43/47 MP: 6/6
  1831 | D:3      | Found a sacrificial altar of Ru.
  1952 | D:3      | Found a faded altar of an unknown god.
  1961 | D:3      | Reached skill level 5 in Axes
  2057 | D:3      | Found a glowing golden altar of the Shining One.
  2138 | D:3      | Became a worshipper of the Shining One
  2635 | D:4      | Noticed an ogre
  2644 | D:4      | Killed an ogre
  2645 | D:4      | Reached XP level 6. HP: 26/55 MP: 8/8
  2753 | D:4      | Found a glowing silver altar of Zin.
  2816 | D:4      | Reached skill level 5 in Fighting
  2816 | D:4      | Reached skill level 6 in Axes
  2836 | D:4      | Found a transporter.
  2854 | D:4      | Found a broken altar of Ashenzari.
  2878 | D:4      | Reached XP level 7. HP: 37/61 MP: 8/10
  2878 | D:4      | Found a transporter.
  3334 | D:5      | Entered Level 5 of the Dungeon
  3471 | D:5      | Reached skill level 7 in Axes
  3471 | D:5      | Reached skill level 5 in Armour
  3807 | D:5      | Found a shimmering altar of Xom.
  3920 | D:5      | HP: 1/56 [wight/+0 dire flail (7)]
  3920 | D:5      | Slain by a wight

Illustrated notes

Levels and vault maps discovered:
D:1:      dpeg_arrival_long_road, layout_basic, serial_shops,
          nicolae_shop_waterfront
D:2:      layout_basic, serial_shops, shop, uniq_robin, uniq_jessica
D:3:      layout_loops_ring, mainiacjoe_overflow_chevrons,
          nicolae_ru_sacrificial_ziggurat, basic_ecumenical_altar,
          dreamdust_princess_corridor, kennysheep_generic_room_10
D:4:      layout_cave_pools, gammafunk_temple_overflow_arena,
          mainiacjoe_overflow_cross_hatched, grunt_ministairs_2,
          grunt_decor_mini_mirrors, corexii_corridor_pit
D:5:      layout_basic, tgw_xom, chequers_arboretum

Skill      XL: |  1  2  3  4  5  6  7 |
---------------+----------------------+-----
Axes           | 3 4 5 6 7 |  7.5
Invocations    | 1 2 3 4 |  4.7
Fighting       | 4 5 |  5.7
Armour         | 4 5 |  5.2
Shields        | |  3.2

Action                     |  1- 3 |  4- 6 |  7- 9 || total
---------------------------+-------+-------+-------++-------
  Melee: War axe           |    82 |   129 |     2 ||   213
         Punch             |       |     1 |     1 ||     2
         Morningstar       |       |       |    53 ||    53
    Use: Potion            |       |     1 |     1 ||     2
 Armour: Scale mail        |    45 |    73 |    34 ||   152
  Dodge: Dodged            |    31 |    62 |    38 ||   131

Table legend: (Time is in decaauts)
 A = Elapsed time spent in this place.
 B = Non-inter-level travel time spent in this place.
 C = Inter-level travel time spent in this place.
 D = Time resting spent in this place.
 E = Time spent auto-exploring this place.
 F = Levels seen in this place.
 G = Mean time per level.
                   A        B        C        D        E       F      G
               +--------+--------+--------+--------+--------+-----+--------+
         Total |   3999 |   3892 |    107 |      0 |   3190 |   5 |  799.8 |
       Dungeon |   3999 |   3892 |    107 |      0 |   3190 |   5 |  799.8 |
               +--------+--------+--------+--------+--------+-----+--------+

Top non-repeatable levels by time:
     D:3: 926 daAuts
     D:1: 881 daAuts
     D:4: 807 daAuts
     D:2: 780 daAuts
     D:5: 602 daAuts
